 Dungeon Crawl Stone Soup version 0.22-a0-322-g60b3cfd (webtiles) character file.

284 Cattac the Digger (level 6, -1/36 HPs)
             Began as a Gargoyle Earth Elementalist on Apr 4, 2018.
             Slain by Menkaure (17 damage)
             ... on level 4 of the Dungeon.
             The game lasted 00:14:41 (2370 turns).

Cattac the Digger (Gargoyle Earth Elementalist)     Turns: 2370, Time: 00:14:42

Health: -1/36      AC:  7    Str: 13    XL:     6   Next: 29%
Magic:  2/12       EV: 12    Int: 16    God:
Gold:   97         SH:  0    Dex: 10    Spells: 3/13 levels left

rFire    . . .     SeeInvis .   h - +2 dagger (venom)
rCold    . . .     Gourm    .   (no shield)
rNeg     + . .     Faith    .   c - +0 robe
rPois    ∞         Spirit   .   (no helmet)
rElec    +         Reflect  .   (no cloak)
rCorr    .         Harm     .   (no gloves)
MR       .....                  j - +0 pair of boots
Stlth    ++........             (no amulet)
HPRegen  0.12/turn              (no ring)
MPRegen  0.13/turn              (no ring)

@: very slightly contaminated
A: negative energy resistance 1, electricity resistance, unbreathing,
petrification resistance, rot immunity, AC +4
a: no special abilities


You were on level 4 of the Dungeon.
You were not hungry.

You visited 1 branch of the dungeon, and saw 4 of its levels.

You collected 97 gold pieces.

Inventory:

Hand Weapons
 h - a +2 dagger of venom (weapon)
Missiles
 b - 43 stones (quivered)
Armour
 c - a +0 robe (worn)
 j - a +0 pair of boots (worn)
Scrolls
 a - a scroll of identify
 f - 2 scrolls of enchant weapon {unknown}
 g - a scroll of remove curse {unknown}
 k - 3 scrolls of teleportation
 o - a scroll of enchant armour {unknown}
Potions
 e - a potion of invisibility {unknown}
 i - a potion of cancellation {unknown}
 l - 2 potions of ambrosia {unknown}
 m - a potion of agility {unknown}
 n - a potion of degeneration {unknown}
Comestibles
 d - 7 rations


   Skills:
 + Level 2.9 Fighting
 - Level 1.6 Dodging
 - Level 2.2 Stealth
 * Level 4.3 Spellcasting
 - Level 0.7 Transmutations
 + Level 5.2 Earth Magic


You had 3 spell levels left.
You knew the following spells:

 Your Spells              Type           Power        Failure   Level  Hunger
a - Sandblast             Erth           ###...       1%          1    None
b - Passwall              Tmut/Erth      ##........   7%          2    ##.....
c - Petrify               Tmut/Erth      ##......     43%         4    ####...
d - Stone Arrow           Conj/Erth      ##....       17%         3    ###....


Dungeon Overview and Level Annotations

Branches:
Dungeon (4/15)
 Temple: D:4-7

Altars:
Cheibriados
Hepliaklqana

Annotations:
D:4 Menkaure


Innate Abilities, Weirdness & Mutations

You are resistant to torment.
Your stone body is resilient. (AC +4)
You are immune to poison.
You resist negative energy. (rN+)
You are resistant to electric shocks. (rElec)
You can survive without breathing.
You are immune to petrification.
You are immune to rotting.


Message History

Pain shoots through your body! Menkaure hits you!
You are too injured to fight recklessly!
You are too injured to fight recklessly!
You are too injured to fight recklessly!
You barely miss Menkaure.
Menkaure is moderately damaged.
Menkaure barely misses you.
You hit Menkaure.
Menkaure is moderately damaged.
Menkaure hits you but does no damage.
You hit Menkaure but do no damage.
Menkaure is moderately damaged.
Menkaure hits you.
You hit Menkaure.
Menkaure is moderately damaged.
Menkaure barely misses you.
You hit Menkaure.
Menkaure is heavily damaged.
Menkaure completely misses you. Menkaure hits you!
You die...

.#..## ....# #.##.###.#.#
#...# ......#..#.# #...#
...).#.#.#.#####...#
.....#.#.#.##......###
................<....
.....##.......# #..#
.....##.......###..#
.†...#.....<...>@..#
.†#####........M##.# ###
##...........# ######
#........#### #
.........#......#####....
###.#.#######.....M...#
## ########..# .## ...
#####♣.# .


You could see Menkaure.

Vanquished Creatures
  A scorpion (D:4)
  An orc priest (D:3)
  An orc wizard (D:3)
  A centaur skeleton (D:2)
  A hound skeleton (D:4)
  8 adders
  An ooze (D:3)
  2 worms
  A dart slug (D:1)
  A leopard gecko (D:2)
  8 orcs (D:3)
  A giant cockroach (D:2)
  6 hobgoblins
  6 kobolds
  5 ball pythons
  3 bats
  A frilled lizard (D:2)
  3 goblins
  3 rats
54 creatures vanquished.

Notes
Turn   | Place    | Note
-------+----------+-------------------------------------------
     0 | D:1      | Cattac the Gargoyle Earth Elementalist began the quest for the Orb.
     0 | D:1      | Reached XP level 1. HP: 10/10 MP: 3/3
   340 | D:1      | Reached XP level 2. HP: 15/15 MP: 3/5
   458 | D:1      | Reached skill level 4 in Earth Magic
   482 | D:1      | Learned a level 2 spell: Passwall
   858 | D:2      | Reached XP level 3. HP: 19/20 MP: 0/6
   864 | D:2      | Reached skill level 1 in Fighting
  1137 | D:2      | Reached XP level 4. HP: 26/26 MP: 4/8
  1338 | D:2      | Found a snail-covered altar of Cheibriados.
  1339 | D:2      | Found a hazy altar of Hepliaklqana.
  1694 | D:3      | Reached XP level 5. HP: 29/30 MP: 6/10
  1967 | D:3      | Reached skill level 5 in Earth Magic
  2293 | D:4      | Reached XP level 6. HP: 33/36 MP: 9/12
  2310 | D:4      | Learned a level 4 spell: Petrify
  2314 | D:4      | Learned a level 3 spell: Stone Arrow
  2350 | D:4      | Noticed Menkaure
  2370 | D:4      | Slain by Menkaure

Vault maps used:
D:1:      dpeg_arrival_shelter, minmay_misc_feat_tower
D:2:      grunt_temple_overflow_open
D:4:      grunt_ministairs_11, uniq_menkaure, uniq_natasha

Skill      XL: |  1  2  3  4  5 |
---------------+----------------+-----
Earth Magic    | 4 5 |  5.2
Fighting       | 1 2 |  2.9
Spellcasting   | 3 4 |  4.3
Dodging        | |  1.6
Stealth        | |  2.2
Transmutations | |  0.7

Action                   |  1- 3 |  4- 6 || total
-------------------------+-------+-------++-------
Melee: Club              |     2 |       ||     2
       Dagger            |    18 |    42 ||    60
 Cast: Sandblast         |    21 |    37 ||    58
       Passwall          |     6 |       ||     6
       Stone Arrow       |       |     3 ||     3
  Use: Scroll            |       |     4 ||     4
  Eat: Chunk             |     1 |     3 ||     4
       Ration            |       |     1 ||     1
Armor: Robe              |     8 |    14 ||    22
Dodge: Dodged            |    12 |    29 ||    41

Table legend:
 A = Spawn XP
 B = Non-spawn XP
 C = Spawn XP percentage of total XP
 D = Spawn monster count
 E = Non-spawn monster count
 F = Spawn count percentage of total count
 G = Total turns spent on level
                    A         B        C        D         E        F      G
               +---------+---------+-------+---------+---------+-------+---------
         Total |       0 |     406 |   0.0 |       0 |      54 |   0.0 |  2370
               +---------+---------+-------+---------+---------+-------+---------
           D:1 |       0 |      19 |   0.0 |       0 |      11 |   0.0 |   853
           D:2 |       0 |     133 |   0.0 |       0 |      21 |   0.0 |   786
           D:3 |       0 |     152 |   0.0 |       0 |      17 |   0.0 |   605
           D:4 |       0 |     102 |   0.0 |       0 |       5 |   0.0 |   126
               +---------+---------+-------+---------+---------+-------+---------
